 Dungeon Crawl Stone Soup version 0.29.0-4-gdea44cf6ec (webtiles) character file.

Game seed: 5463671669555223748

28 qw the Chopper (level 3, -9/29 HPs)
             Began as a Barachi Chaos Knight on Sept 7, 2022.
             Mangled by a goblin
             ... wielding a +1 dagger of electrocution
              (11 damage)
             ... on level 2 of the Dungeon.
             The game lasted 00:00:11 (280 turns).

qw the Chopper (Barachi Chaos Knight)                Turns: 280, Time: 00:00:12

Health: -9/29      AC:  8    Str: 15    XL:     3   Next: 12%
Magic:  3/3        EV:  6    Int: 12    God:
Gold:   43         SH:  0    Dex: 11    Spells: 2/2 levels left

rFire   . . .      SeeInvis .   Y - +0 hand axe (chaos)
rCold   . . .      Faith    .   (no shield)
rNeg    . . .      Spirit   .   d - +0 chain mail
rPois   .          Reflect  .   (no helmet)
rElec   .          Harm     .   (no cloak)
rCorr   .          Rampage  .   (no gloves)
Will    .....                   (no boots)
Stlth   ..........              (no amulet)
HPRegen 0.09/turn               (no ring)
MPRegen 0.08/turn               (no ring)

@: lethally poisoned (-9 -> -10), slow
A: amphibious, slowness 1, strong legs 1, +LOS
a: Hop


You were on level 2 of the Dungeon.
You visited 1 branch of the dungeon, and saw 2 of its levels.

You collected 43 gold pieces.


Innate Abilities, Weirdness & Mutations

You are amphibious.
You cover ground slowly.
You can hop short distances.
You have an extended range of vision and can be seen from far away.


   Skills:
 - Level 3.6 Fighting
 + Level 4.6 Axes
 - Level 2.4 Armour
 - Level 1.1 Dodging


You had 2 spell levels left.
You didn't know any spells.
Your spell library was empty.

Inventory:

Hand Weapons
 Y - a +0 hand axe of chaos (weapon)
Armour
 d - a +0 chain mail (worn)
Scrolls
 a - a scroll of identify
Potions
 e - a potion of resistance {unknown}
Miscellaneous
 c - a piece from Xom's chessboard (15/15)

Dungeon Overview and Level Annotations

Branches:
Dungeon (2/15)

Altars:


Message History

The goblin shouts!
The hobgoblin shouts!
A goblin comes into view. It is wielding a +0 dagger.
272 ||| Stepping ~*~*~tactically~*~*~ (stealth).
You hit the adder but do no damage. The adder closely misses you.
The adder bites you but does no damage.
You hit the adder.
The adder seems to slow down.
You freeze the adder.
The adder is moderately wounded.
The adder bites you but does no damage.
You hit the adder.
The adder is almost dead.
The adder is no longer moving slowly.
The adder bites you. x2
You are poisoned.
The adder poisons you!
You closely miss the adder.
The adder is almost dead.
You completely miss the adder.
You feel sick.
The adder is no longer moving slowly.
The adder barely misses you. The adder bites you.
You slash the adder!
You kill the adder!
You hit the adder.
You kill the adder!
You feel sick.
An endoplasm comes into view.
You have reached level 3!
Your experience leads to an increase in your attributes!
Increase (S)trength, (I)ntelligence, or (D)exterity?
You feel stronger. x2
278 ||| Stepping ~*~*~tactically~*~*~ (stealth).
You feel sick.
You closely miss the goblin.
You feel sick.
The endoplasm quivers.
The goblin hits you but does no damage.
You are electrocuted!
The goblin hits you with a +1 dagger of electrocution.
You closely miss the goblin. You hit the hobgoblin.
The hobgoblin is poisoned.
You feel sick.
The hobgoblin hits you but does no damage.
The goblin hits you but does no damage.
You are electrocuted!
You die...

...g....>...........
..g......###.......
.................. . .....#
.####..... #. .<.. ..# ###.##
###. ######.# #.# ##.#
#.#...###......## #.# #..#
##...........gg..####.####.##
........!....@........#....#
......##................#####
......#.....................#
##.................##..####.#
........[..........##.%#
#.......#..............#
#.#................##.##
#................##.#
#.................#.#


You could see a hobgoblin (very poisoned) and a goblin.

Vanquished Creatures
  2 adders (D:2)
  A worm (D:2)
  3 giant cockroaches
  A kobold (D:1)
  A rat (D:1)
8 creatures vanquished.

Notes
Turn   | Place    | Note
-------+----------+-------------------------------------------
     0 | D:1      | qw the Barachi Chaos Knight began the quest for the Orb.
     0 | D:1      | Reached XP level 1. HP: 18/18 MP: 1/1
     0 | D:1      | 0 ||| qw: Version: 0.1-a-108-g9e35731
     0 | D:1      | 0 ||| qw: Game counter: 6464
     0 | D:1      | 0 ||| qw: Always use a shield: true
     0 | D:1      | 0 ||| qw: God list: Okawaru
     0 | D:1      | 0 ||| qw: Allow faded altars: false
     0 | D:1      | 0 ||| qw: Do Orc after D:15 true
     0 | D:1      | 0 ||| qw: Do second Lair branch before Depths: true
     0 | D:1      | 0 ||| qw: Lair rune preference: random
     0 | D:1      | 0 ||| qw: Plans: Normal
     0 | D:1      | 0 ||| PLANNING D:1-11
     0 | D:1      | Fell from the grace of Xom
   109 | D:1      | 109 ||| Stepping ~*~*~tactically~*~*~ (stealth).
   110 | D:1      | 110 ||| Stepping ~*~*~tactically~*~*~ (stealth).
   135 | D:1      | You fall into a shaft and drop 1 floor!
   161 | D:2      | Reached XP level 2. HP: 21/24 MP: 2/2
   227 | D:2      | Reached skill level 4 in Axes
   253 | D:2      | 253 ||| UPGRADING to +0 chain mail.
   263 | D:2      | 263 ||| DROPPING +2 leather armour.
   264 | D:2      | 264 ||| READING 2 scrolls labelled LIF FETWOVIOD.
   272 | D:2      | 272 ||| Stepping ~*~*~tactically~*~*~ (stealth).
   278 | D:2      | Reached XP level 3. HP: 19/29 MP: 3/3
   278 | D:2      | 278 ||| Stepping ~*~*~tactically~*~*~ (stealth).
   279 | D:2      | HP: 4/29 [goblin/+1 dagger of electrocution (14)]
   280 | D:2      | Mangled by a goblin

Levels and vault maps discovered:
D:1:      dpeg_arrival_pits, layout_loops_corners, palyth_stone_intersect
D:2:      layout_rooms, basic_ecumenical_altar

Skill      XL: |  1  2 |
---------------+-------+-----
Axes           | 4 |  4.6
Fighting       | |  3.6
Armour         | |  2.4
Dodging        | |  1.1

Action                   || total
-------------------------++-------
Melee: Hand axe          ||    30
Invok: Renounce Religion ||     1
  Use: Scroll            ||     1
Armor: Leather armour    ||     3
       Chain mail        ||     5
Dodge: Dodged            ||    14

Table legend:
 A = Non-vault XP
 B = Vault XP
 C = Vault XP percentage of total XP
 D = Non-vault monster count
 E = Vault monster count
 F = Vault count percentage of total count
                 A         B        C        D         E       F
            +---------+---------+-------+---------+---------+-------
      Total |      40 |       0 |   0.0 |       8 |       0 |   0.0
            +---------+---------+-------+---------+---------+-------
        D:1 |       5 |       0 |   0.0 |       3 |       0 |   0.0
        D:2 |      35 |       0 |   0.0 |       5 |       0 |   0.0
            +---------+---------+-------+---------+---------+-------
